 Dungeon Crawl Stone Soup version 0.28-a0-1629-gf728b707aa (webtiles) character file.

Game seed: 884067965146039066

50 HallandMoats the Skirmisher (level 3, -4/31 HPs)
             Began as a Ghoul Fighter on Jan 25, 2022.
             Was a Plaything of Xom.
             Killed by divine providence
             ... invoked by an orc priest
              (14 damage)
             ... on level 3 of the Dungeon.
             The game lasted 00:01:25 (1794 turns).

HallandMoats the Skirmisher (Ghoul Fighter)         Turns: 1794, Time: 00:01:26

Health: -4/31      AC:  6    Str: 19    XL:     3   Next: 79%
Magic:  3/3        EV:  9    Int:  5    God:    Xom [..*...]
Gold:   102        SH:  4    Dex:  8    Spells: 2/2 levels left

rFire   . . .      SeeInvis .   a - +0 trident
rCold   + . .      Faith    .   c - +0 buckler
rNeg    + + +      Spirit   .   b - +0 scale mail
rPois   ∞          Reflect  .   (no helmet)
rElec   .          Harm     .   (no cloak)
rCorr   .          Rampage  .   (no gloves)
Will    .....                   (no boots)
Stlth   ..........              (no amulet)
HPRegen 0.00/turn               (no ring)
MPRegen 0.08/turn               (no ring)

@: inhibited regen
A: claws 1, cold resistance 1, negative energy resistance 3, inhibited
regeneration, torment resistance 2
a: Renounce Religion


You were on level 3 of the Dungeon.
You worshipped Xom.
You were a toy of Xom.
You visited 1 branch of the dungeon, and saw 3 of its levels.

You collected 102 gold pieces.

Inventory:

Hand Weapons
 a - a +0 trident (weapon)
Armour
 b - a +0 scale mail (worn)
 c - a +0 buckler (worn)
Jewellery
 j - an amulet of reflection
Scrolls
 e - a scroll of identify {unknown}
 g - a scroll of torment {unknown}
 i - a scroll of silence {unknown}
Potions
 d - 2 potions of might
 f - 4 potions of berserk rage {unknown}
 h - 2 potions of curing {unknown}


   Skills:
 + Level 3.4 Fighting
 * Level 2.3 Polearms
 + Level 2.8 Armour
 + Level 0.6 Dodging
 + Level 2.9 Shields
 * Level 2.0 Invocations


You had 2 spell levels left.
You didn't know any spells.
Your spell library contained the following spells:

 Spells                   Type           Power      Damage    Failure   Level
 Ensorcelled Hibernation  Hex/Ice        0%         N/A       97%         2
 Passwall                 Tmut/Erth      0%         N/A       97%         2
 Swiftness                Air            0%         N/A       99%         3


Dungeon Overview and Level Annotations

Branches:
Dungeon (3/15)

Altars:
Xom


Innate Abilities, Weirdness & Mutations

You thrive by killing the living.
You are immune to poison.
You have sharp fingernails.
Your flesh is cold resistant. (rC+)
You are immune to negative energy. (rN+++)
You do not regenerate when monsters are visible.
You are immune to unholy pain and torment.


Message History

There are monsters nearby!
There are monsters nearby!
An orc comes into view. It is wielding a +0 short sword.
The orc shouts!
An orc priest comes into view. It is wielding a +0 mace.
Found a falchion.
The orc priest shouts!
The orc barely misses you. The orc barely misses you.
You reach to attack!
You closely miss the orc.
You reach to attack!
You barely miss the orc. You closely miss the orc. You block the orc's attack.
The orc priest mumbles some strange prayers to Beogh against you.
Beogh smites you! The orc hits you but does no damage.
You barely miss the orc. You block the orc's attack.
You hit the orc but do no damage. The orc closely misses you.
You closely miss the orc.
The orc priest invokes the aid of Beogh against you.
Beogh smites you! The orc hits you but does no damage.
You are too injured to fight recklessly!
You are too injured to fight recklessly!
You are too injured to fight recklessly!
You are too injured to fight recklessly!
You are too injured to fight recklessly!
You are too injured to fight recklessly!
You are too injured to fight recklessly!
You are too injured to fight recklessly!
You are too injured to fight recklessly!
You are too injured to fight recklessly!
You are too injured to fight recklessly!
You are too injured to fight recklessly!
You are too injured to fight recklessly!
You are too injured to fight recklessly!
You are too injured to fight recklessly!
You are too injured to fight recklessly!
The orc hits you but does no damage.
The orc priest invokes the aid of Beogh against you.
Beogh smites you!
You die...
Xom giggles madly!

#######+#.#.#.##
.o.o..........>#
#.####o###.#.## #o#
#.#.# #.# #.#.# #o#
#.#.# #o# #.#.#
#.###.#.###########
#.@.#.#............
#)..#+#############
#..... #.##.... #.#
...... #.# ......
#.# ..... # #.
..... # #


You could see an orc priest and 3 orcs.

Vanquished Creatures
  2 adders
  A dart slug (D:1)
  4 ball pythons
  2 bats (D:1)
  5 endoplasms
  A giant cockroach (D:1)
  2 hobgoblins
  A quokka (D:1)
  3 frilled lizards (D:1)
  5 kobolds
  5 rats
31 creatures vanquished.

Vanquished Creatures (others)
  5 toadstools (D:1)
5 creatures vanquished.

Grand Total: 36 creatures vanquished

Notes
Turn   | Place    | Note
-------+----------+-------------------------------------------
     0 | D:1      | HallandMoats the Ghoul Fighter began the quest for the Orb.
     0 | D:1      | Reached XP level 1. HP: 19/19 MP: 0/0
   121 | D:1      | Reached XP level 2. HP: 26/26 MP: 1/1
   182 | D:1      | Reached skill level 1 in Invocations
   822 | D:2      | Reached XP level 3. HP: 31/31 MP: 3/3
  1285 | D:2      | Found a faded altar of an unknown god.
  1396 | D:2      | Prayed at the altar of an unknown god.
  1396 | D:2      | Became a worshipper of Xom of Chaos
  1794 | D:3      | Killed from afar by an orc priest

Illustrated notes

Levels and vault maps discovered:
D:1:      ldierk_walled_garden, layout_loops_ring
D:2:      layout_loops_cross, shapermc_ecumenical_altar_hornbeckon
D:3:      layout_basic

Skill      XL: |  1  2  3 |
---------------+----------+-----
Polearms       | 2 |  2.3
Invocations    | 1 2 |  2.0
Fighting       | |  3.4
Armour         | |  2.8
Dodging        | |  0.6
Shields        | |  2.9

Action                   || total
-------------------------++-------
Melee: Trident           ||   112
Armor: Scale mail        ||    46
Dodge: Dodged            ||    37
Block: Buckler           ||    12

Table legend: (Time is in decaauts)
 A = Elapsed time spent in this place.
 B = Non-inter-level travel time spent in this place.
 C = Inter-level travel time spent in this place.
 D = Time resting spent in this place.
 E = Time spent auto-exploring this place.
 F = Levels seen in this place.
 G = Mean time per level.
                   A        B        C        D        E       F      G
               +--------+--------+--------+--------+--------+-----+--------+
         Total |   1830 |   1718 |    112 |      0 |   1468 |   3 |  610.0 |
       Dungeon |   1830 |   1718 |    112 |      0 |   1468 |   3 |  610.0 |
               +--------+--------+--------+--------+--------+-----+--------+

Top non-repeatable levels by time:
     D:2: 832 daAuts
     D:1: 820 daAuts
     D:3: 177 daAuts
